[Event "Team 45 45 League T45"]
[Site "Internet Chess Club"]
[Date "2010.06.01"]
[Round "4"]
[White "slipkid"]
[Black "CheeryCherry"]
[Result "1-0"]
[WhiteElo "1639"]
[BlackElo "1687"]
[Opening "Scotch: Schmidt variation"]
[ECO "C45"]
[Time "15:04:05"]
[TimeControl "2700+45"]

1. e4 e5 2. Nf3 Nc6 3. d4 exd4 4. Nxd4 Nf6 5. Nc3 Bb4 6. Bg5 Be7 7. Nxc6 bxc6 8.
Bc4 h6 9. Bd2 Bb4 10. e5 Bxc3 11. Bxc3 Ne4 12. Qf3 Ng5 13. Qe2 Ne6 14. O-O O-O
15. Rad1 d5 16. exd6 cxd6 17. Bb4 c5 18. Bc3 Re8 19. Qd2 Re7 20. Rfe1 a5 21. a4
Kh8 22. Bb5 Raa7 23. Qxh6+ Kg8 24. Qd2 Kh8 25. Bd3 Ba6 26. Qh6+ Kg8 27. Qh7+
{Black resigns} 1-0

[Event "Team 45 45 League T45"]
[Site "Internet Chess Club"]
[Date "2010.05.30"]
[Round "4"]
[White "radiohead"]
[Black "supraholic"]
[Result "1-0"]
[WhiteElo "1361"]
[BlackElo "1261"]
[Opening "QGD: 4.Nf3"]
[ECO "D37"]
[Time "12:33:53"]
[TimeControl "2700+45"]

1. d4 d5 2. c4 e6 3. Nf3 Nf6 4. Nc3 Be7 5. e3 O-O 6. Bd3 b6 7. O-O Bb7 8. cxd5
Nxd5 9. Nxd5 exd5 10. Qc2 g6 11. Ne5 Nd7 12. Nc6 Qe8 13. Nxe7+ Qxe7 14. Qxc7
Rab8 15. Qc2 Nf6 16. f3 Rbc8 17. Qe2 Rfe8 18. Bd2 Kg7 19. Rae1 h5 20. h4 Rc7 21.
e4 dxe4 22. fxe4 Nxe4 23. Bxe4 Qxh4 24. Rf4 Qe7 25. Qd3 Qd8 26. Bxb7 Rxe1+ 27.
Bxe1 Rxb7 28. Bc3 Qd5 29. Qe4 Rd7 30. Qxd5 Rxd5 31. Rf1 a5 32. Kf2 b5 33. a3 b4
34. axb4 axb4 35. Bxb4 Rxd4 36. Bc3 {Black resigns} 1-0

[Event "Team 45 45 League T45"]
[Site "Internet Chess Club"]
[Date "2010.05.31"]
[Round "4"]
[White "basserben"]
[Black "Magagna"]
[Result "0-1"]
[WhiteElo "1617"]
[BlackElo "1837"]
[Opening "French: advance, Paulsen attack"]
[ECO "C02"]
[Time "20:00:33"]
[TimeControl "2700+45"]

1. e4 e6 2. d4 d5 3. e5 c5 4. c3 Nc6 5. Nf3 Qb6 6. b3 cxd4 7. cxd4 Bd7 8. a3 Rc8
9. Bb2 Nge7 10. Be2 Nf5 11. O-O Na5 12. Nbd2 Be7 13. b4 Nc6 14. Nb3 O-O 15. Qd3
a6 16. b5 Na7 17. bxa6 Bb5 18. Qd2 Bxe2 19. Qxe2 Qxb3 20. axb7 Qxb7 21. Rfc1 g6
22. Kf1 Qb5 23. Qxb5 Nxb5 24. a4 Rxc1+ 25. Rxc1 Ba3 26. Bxa3 Nxa3 27. Ra1 Nc2
28. Rd1 Nfe3+ 29. fxe3 Nxe3+ 30. Ke2 Nxd1 31. Kxd1 Ra8 32. Ke2 Rxa4 33. Kf2 Kg7
34. Kg3 f6 35. exf6+ Kxf6 36. h4 h6 37. Kg4 e5 {White resigns} 0-1

[Event "Team 45 45 League T45"]
[Site "Internet Chess Club"]
[Date "2010.05.29"]
[Round "4"]
[White "gerailen0075"]
[Black "toukon"]
[Result "1/2-1/2"]
[WhiteElo "1826"]
[BlackElo "1590"]
[Opening "Sicilian: Canal-Sokolsky attack, 3...Bd7"]
[ECO "B52"]
[Time "22:25:49"]
[TimeControl "2700+45"]

1. e4 c5 2. Nf3 d6 3. Bb5+ Bd7 4. Bxd7+ Qxd7 5. O-O Nc6 6. c3 Nf6 7. Re1 e6 8.
d4 cxd4 9. cxd4 d5 10. e5 Ne4 11. Nbd2 Nxd2 12. Bxd2 Be7 13. Rc1 O-O 14. Rc3
Rfc8 15. a3 Bd8 16. Rd3 Bb6 17. Bc3 Ne7 18. Ng5 h6 19. Qh5 Ng6 {Game drawn by
mutual agreement} 1/2-1/2

[Event "Team 45 45 League T45"]
[Site "Internet Chess Club"]
[Date "2010.05.30"]
[Round "4"]
[White "SilverBlade"]
[Black "blizzard13"]
[Result "1-0"]
[WhiteElo "1607"]
[BlackElo "1413"]
[Opening "Two knights defense"]
[ECO "C57"]
[Time "14:00:15"]
[TimeControl "2700+45"]

1. e4 e5 2. Nf3 Nc6 3. Bc4 Nf6 4. Ng5 Nxe4 5. Bxf7+ Ke7 6. d3 h6 7. Nxe4 Kxf7 8.
Qh5+ Kg8 9. Nbc3 Nd4 10. Qd1 d6 11. O-O Be6 12. h3 Qe8 13. Ne2 Qg6 14. N4g3 h5
15. Nxd4 exd4 16. Qf3 c6 17. Ne2 Be7 18. Nxd4 Rf8 19. Qe3 Bd5 20. f3 Rf7 21. c4
c5 22. cxd5 cxd4 23. Qxd4 b6 24. Qe4 Qf6 25. Rb1 g6 26. h4 Qg7 27. b3 Kh7 28. g3
Rhf8 29. Kg2 Kg8 30. Bb2 Bf6 31. Bxf6 Qxf6 32. f4 Qc3 33. Qxg6+ Rg7 34. Qe6+
Rff7 35. Qe2 Re7 36. Qf3 Qc2+ 37. Kg1 Re2 38. Rbc1 Rc7 39. Rxc2 Rcxc2 40. Rf2
Rxf2 41. Qxf2 Rxf2 42. Kxf2 Kf7 43. Ke3 Kf6 44. Ke4 b5 45. b4 Ke7 46. f5 Kf6 47.
Kf4 a6 48. a3 Kf7 49. Kg5 Ke7 50. Kxh5 Kf6 51. g4 Ke5 52. Kg5 Kxd5 53. f6 {Black
resigns} 1-0

[Event "Team 45 45 League T45"]
[Site "Internet Chess Club"]
[Date "2010.05.29"]
[Round "4"]
[White "BrandonBee"]
[Black "Xanther"]
[Result "1-0"]
[WhiteElo "1523"]
[BlackElo "1462"]
[Opening "French: Rubinstein variation"]
[ECO "C10"]
[Time "10:00:33"]
[TimeControl "2700+45"]

1. e4 e6 2. d4 d5 3. Nc3 dxe4 4. Nxe4 Be7 5. Bd3 Nf6 6. c3 Nc6 7. Nf3 O-O 8. Qc2
h6 9. Bf4 b6 10. Qd2 Nxe4 11. Bxe4 Bb7 12. Bxh6 f5 13. Bxc6 Bxc6 14. Bg5 Bxg5
15. Nxg5 Qf6 16. f3 Rad8 17. O-O-O f4 18. Ne4 Bxe4 19. fxe4 Qg6 20. e5 Rf5 21.
Rhg1 Rxe5 22. Qxf4 Re2 23. Rd2 Rxd2 24. Kxd2 Rf8 25. Qe3 Rf6 26. g4 Qf7 27. Rg2
Rf3 28. Qg5 Rf2+ 29. Rxf2 Qxf2+ 30. Kd3 Qf1+ 31. Kc2 Qe2+ 32. Qd2 Qe4+ 33. Kb3
Qxg4 34. d5 Qf5 35. dxe6 Qxe6+ 36. Ka3 Kf7 37. Qf4+ Qf6 38. Qxc7+ Qe7+ 39. Qxe7+
Kxe7 40. Kb4 a6 41. c4 Kd7 42. a4 Kc6 43. a5 b5 44. cxb5+ axb5 45. h4 g6 46. b3
{Black resigns} 1-0

[Event "Team 45 45 League T45"]
[Site "Internet Chess Club"]
[Date "2010.06.05"]
[Round "4"]
[White "Paulkov"]
[Black "AG2009"]
[Result "1/2-1/2"]
[WhiteElo "2218"]
[BlackElo "2144"]
[Opening "French defense"]
[ECO "C11"]
[Time "12:00:18"]
[TimeControl "2700+45"]

1. e4 e6 2. d4 d5 3. Nc3 Nf6 4. exd5 exd5 5. Bd3 Be7 6. Nf3 Nc6 7. a3 Bg4 8. Be3
Qd7 9. O-O O-O 10. h3 Bh5 11. Be2 Bd6 12. Nh4 Bxe2 13. Qxe2 Rfe8 14. Qd3 a6 15.
Rfe1 Re6 16. Bg5 Rae8 17. Rxe6 Qxe6 18. Bxf6 Qxf6 19. Nf3 Ne7 20. Re1 c6 21. Nd1
Qg6 22. Qxg6 hxg6 {Game drawn by mutual agreement} 1/2-1/2

[Event "Team 45 45 League T45"]
[Site "Internet Chess Club"]
[Date "2010.05.26"]
[Round "4"]
[White "jefferyx"]
[Black "az2112"]
[Result "1-0"]
[WhiteElo "2134"]
[BlackElo "1769"]
[Opening "Ruy Lopez: closed, anti-Marshall 8.a4"]
[ECO "C88"]
[Time "17:10:30"]
[TimeControl "2700+45"]

1. e4 e5 2. Nf3 Nc6 3. Bb5 a6 4. Ba4 Nf6 5. O-O Be7 6. Re1 b5 7. Bb3 O-O 8. a4
Bb7 9. d3 d6 10. h3 Na5 11. Ba2 c5 12. Nbd2 Re8 13. Nf1 h6 14. Ng3 Bf8 15. Be3
d5 16. exd5 Bxd5 17. Bxd5 Nxd5 18. Bd2 Nc6 19. axb5 axb5 20. Qe2 Nd4 21. Nxd4
Rxa1 22. Rxa1 exd4 23. Qf3 Nf6 24. Ra7 b4 25. Nf5 Nd7 26. Qg4 Kh8 27. Nxh6 gxh6
28. Rxd7 Qf6 29. Qh5 Re7 30. Rxe7 Qxe7 31. Bxh6 {Black resigns} 1-0

[Event "Team 45 45 League T45"]
[Site "Internet Chess Club"]
[Date "2010.05.27"]
[Round "4"]
[White "Magagna"]
[Black "fishhead"]
[Result "0-1"]
[WhiteElo "1831"]
[BlackElo "2239"]
[Opening "Queen's Indian: 4.Nc3"]
[ECO "E12"]
[Time "19:07:28"]
[TimeControl "2700+45"]

1. d4 Nf6 2. c4 e6 3. Nf3 b6 4. Nc3 Bb4 5. Qb3 c5 6. Bg5 h6 7. Bh4 Bb7 8. dxc5
Bxc5 9. Na4 Be7 10. c5 Bd5 11. Qc2 bxc5 12. Bxf6 Bxf6 13. e4 Qa5+ 14. Nd2 Bc6
15. Nxc5 O-O 16. Nb3 Qa4 17. Bd3 Na6 18. a3 Rac8 19. Qd1 Bxb2 20. Rb1 Bxa3 21.
Ra1 Nb4 22. Be2 Bxe4 23. Rxa3 Qxa3 24. Nxe4 Nc2+ 25. Kf1 Qxb3 26. g4 Qh3+ 27.
Kg1 Nd4 28. Ng3 Nxe2+ 29. Nxe2 Qxg4+ 30. Kf1 Qh3+ 31. Ke1 d5 32. Rg1 Rc4 33. Rg3
Qxh2 34. Qa1 f6 35. Qxa7 Rf7 36. Qb8+ Kh7 37. Rxg7+ Rxg7 38. Qxh2 e5 39. Qh1 Rc5
40. Qf3 Rf7 41. Qf5+ Kg7 42. Ng3 Rc6 43. Nh5+ Kf8 44. Qg6 d4 45. Qxh6+ Ke7 46.
Qg6 Rc7 47. Ng3 Ke6 48. Qf5+ Kd5 49. Qe4+ Kd6 50. Nf5+ Kc5 51. f4 Rcd7 52. Kd2
Rh7 53. Ng3 Rh2+ 54. Ne2 d3 55. Qa4 Rxe2+ 56. Kc3 Rc2+ 57. Kb3 Rb7+ 58. Ka3 Rcb2
59. Qa5+ R2b5 60. Qc3+ Kb6 {White resigns} 0-1

[Event "Team 45 45 League T45"]
[Site "Internet Chess Club"]
[Date "2010.05.29"]
[Round "4"]
[White "Geeloo"]
[Black "Campagnolo"]
[Result "1/2-1/2"]
[WhiteElo "2105"]
[BlackElo "2034"]
[Opening "Two knights defense (Modern bishop's opening)"]
[ECO "C55"]
[Time "19:00:12"]
[TimeControl "2700+45"]

1. e4 e5 2. Nf3 Nc6 3. Bc4 Nf6 4. d3 Be7 5. O-O O-O 6. Re1 d6 7. c3 Na5 8. Bb5
a6 9. Ba4 c5 10. Nbd2 Qc7 11. Nf1 Nc6 12. Bg5 b5 13. Bc2 Ne8 14. Bxe7 Nxe7 15.
d4 Bg4 16. dxe5 dxe5 17. h3 Rd8 18. Qe2 Bc8 19. Ne3 g6 20. Rad1 Ng7 21. Qf1 f6
22. g3 Bb7 23. Rxd8 Rxd8 24. Rd1 Ne6 25. Rxd8+ Qxd8 26. Qd1 Qxd1+ 27. Nxd1 c4
28. Nd2 Nc5 29. f3 Kf7 30. Kf2 Ke6 31. Ke3 Kd6 32. a4 Bc6 33. axb5 axb5 34. b3
cxb3 35. Bxb3 Bd7 36. h4 Nxb3 37. Nxb3 Be6 38. Nd2 Nc6 39. Nb2 Na5 40. Kd3 Kc5
41. Ke3 Nc4+ 42. Nbxc4 Bxc4 43. f4 Be6 44. fxe5 fxe5 45. Kd3 h6 46. Ke2 Bg4+ 47.
Ke3 Bd1 48. Kd3 Kd6 49. Nf1 Bb3 50. Nd2 Bd1 51. Nf1 Bb3 52. Ne3 Be6 53. Kd2 Kc5
54. Kd3 Bc4+ 55. Kd2 Be6 {Game drawn by mutual agreement} 1/2-1/2

[Event "Team 45 45 League T45"]
[Site "Internet Chess Club"]
[Date "2010.05.30"]
[Round "4"]
[White "nosalt"]
[Black "Boromir"]
[Result "1/2-1/2"]
[WhiteElo "2050"]
[BlackElo "1993"]
[Opening "Caro-Kann: Panov-Botvinnik, Czerniak variation"]
[ECO "B13"]
[Time "06:01:19"]
[TimeControl "2700+45"]

1. e4 c6 2. d4 d5 3. exd5 cxd5 4. c4 Nf6 5. Nc3 Nc6 6. Bg5 Qa5 7. Bxf6 exf6 8.
cxd5 Bb4 9. Qd2 Bxc3 10. bxc3 Qxd5 11. Nf3 Bg4 12. Be2 O-O 13. O-O Rfe8 14. Rab1
Na5 15. h3 Bd7 16. Rb4 b5 17. Rfb1 a6 18. Ne1 Nc6 19. Bf3 Qd6 20. R4b2 Rac8 21.
Nd3 Na5 22. Qc1 Bf5 23. Rd2 Nc4 24. Rd1 Rc7 25. Rb3 Rce7 26. Nc5 Bc2 27. Rf1
Bxb3 28. axb3 Ne5 29. Qf4 Nxf3+ 30. Qxf3 h6 31. g3 b4 32. c4 Qxd4 33. Nxa6 Qc3
34. Qd5 Qxb3 35. Qb5 Re5 36. Qxb4 Qxb4 37. Nxb4 Re4 38. Rc1 Re1+ 39. Rxe1 Rxe1+
40. Kg2 {Game drawn by mutual agreement} 1/2-1/2

[Event "Team 45 45 League T45"]
[Site "Internet Chess Club"]
[Date "2010.05.29"]
[Round "4"]
[White "Budzo"]
[Black "CapitanTrueno"]
[Result "1/2-1/2"]
[WhiteElo "1829"]
[BlackElo "1779"]
[Opening "King's Indian: Andersson variation"]
[ECO "E92"]
[Time "10:00:22"]
[TimeControl "2700+45"]

1. Nf3 Nf6 2. d4 g6 3. c4 Bg7 4. Nc3 d6 5. e4 O-O 6. Be2 e5 7. dxe5 dxe5 8. Qxd8
Rxd8 9. Bg5 Re8 10. Nd5 Nxd5 11. cxd5 c6 12. Bc4 cxd5 13. Bxd5 Nd7 14. Nd2 Nc5
15. O-O Be6 16. Bxe6 Rxe6 17. Rfd1 Bf8 18. Rac1 Nd3 19. Rc2 Bc5 20. Nb3 Nxf2 21.
Rxf2 Bxf2+ 22. Kxf2 Rc8 23. Rc1 Rxc1 24. Nxc1 Rc6 25. Nd3 f6 26. Be3 Rc2+ 27.
Kf3 a6 28. h4 h5 29. g3 Kf7 30. Bb6 Rd2 {Game drawn by mutual agreement} 1/2-1/2

[Event "Team 45 45 League T45"]
[Site "Internet Chess Club"]
[Date "2010.05.27"]
[Round "4"]
[White "jrichman38"]
[Black "radiohead"]
[Result "1-0"]
[WhiteElo "1602"]
[BlackElo "1348"]
[Opening "QGD semi-Slav"]
[ECO "D43"]
[Time "20:00:39"]
[TimeControl "2700+45"]

1. Nf3 d5 2. d4 Nf6 3. c4 c6 4. Nc3 e6 5. Bg5 Be7 6. e3 O-O 7. Bd3 dxc4 8. Bxc4
b5 9. Bd3 a6 10. O-O c5 11. dxc5 Bxc5 12. Bxf6 Qxf6 13. Be4 Ra7 14. Qc2 g6 15.
Nxb5 Qe7 16. Nxa7 Bxa7 17. Rac1 Bb7 18. Bxb7 Qxb7 19. Qc7 Qxc7 20. Rxc7 Bb6 21.
Rb7 Bc5 22. b4 Bd6 23. Rd1 Rd8 24. Rxd6 Rxd6 25. Rxb8+ Kg7 26. Kf1 Rd1+ 27. Ke2
Ra1 28. Ne5 Rxa2+ 29. Kf3 Rb2 30. Rb7 Kf6 31. Nxf7 a5 32. b5 a4 33. Nd6 Rb4 34.
Rxh7 Ke5 35. Nf7+ Kf6 36. Nd8 Rxb5 37. Rf7+ Ke5 38. Re7 Rb6 39. Ra7 {Black
resigns} 1-0

[Event "Team 45 45 League T45"]
[Site "Internet Chess Club"]
[Date "2010.06.01"]
[Round "4"]
[White "Sandia"]
[Black "scottrugby"]
[Result "0-1"]
[WhiteElo "1329"]
[BlackElo "1432"]
[Opening "Sicilian: Hungarian variation"]
[ECO "B27"]
[Time "11:00:10"]
[TimeControl "2700+45"]

1. e4 c5 2. Nf3 g6 3. Bc4 Bg7 4. O-O Nc6 5. Re1 e6 6. d3 Nf6 7. Bg5 h6 8. Bd2
Qb6 9. Bc3 a6 10. Nbd2 Qc7 11. a3 O-O 12. e5 Ng4 13. d4 cxd4 14. Bxd4 Ngxe5 15.
Bxe5 Nxe5 16. Qe2 Nxf3+ 17. Nxf3 Bxb2 18. Rab1 Bxa3 19. Rb3 Bd6 20. g3 b5 21.
Bd3 Bb7 22. Nh4 Qc6 23. f3 g5 24. Be4 Qc5+ 25. Re3 Bxe4 26. fxe4 gxh4 27. Qg4+
Qg5 28. Qxh4 Qxh4 29. gxh4 Bc5 {White resigns} 0-1

[Event "Team 45 45 League T45"]
[Site "Internet Chess Club"]
[Date "2010.06.01"]
[Round "4"]
[White "Rapidcitychess"]
[Black "Muravey"]
[Result "1-0"]
[WhiteElo "1416"]
[BlackElo "1376"]
[Opening "Philidor: exchange variation"]
[ECO "C41"]
[Time "17:11:38"]
[TimeControl "2700+45"]

1. e4 e5 2. Nf3 d6 3. d4 exd4 4. Nxd4 Nf6 5. Nc3 Be7 6. Bc4 O-O 7. Be3 Re8 8.
Qd2 Bf8 9. f3 c6 10. O-O-O a6 11. Bb3 b5 12. Nde2 a5 13. a3 b4 14. Nb1 bxa3 15.
Nxa3 a4 16. Ba2 Bb7 17. Nc4 Ba6 18. Nb6 Ra7 19. Nxa4 Bxe2 20. Bxa7 Bxd1 21. Rxd1
c5 22. Nxc5 Nc6 23. Nb3 Nxa7 24. Nd4 d5 25. Nf5 Re5 26. Qd4 Nc6 27. Qc3 Qc7 28.
Bxd5 Nxd5 29. Rxd5 Re6 30. Rc5 Bxc5 31. Qxg7# {Black checkmated} 1-0

[Event "Team 45 45 League T45"]
[Site "Internet Chess Club"]
[Date "2010.06.02"]
[Round "4"]
[White "SeniorCitizen"]
[Black "Aquaman"]
[Result "0-1"]
[WhiteElo "1235"]
[BlackElo "1247"]
[Opening "Scandinavian defense"]
[ECO "B01"]
[Time "15:00:24"]
[TimeControl "2700+45"]

1. e4 d5 2. exd5 Nf6 3. Nc3 Bg4 4. Be2 Bxe2 5. Qxe2 Nxd5 6. Nf3 Nxc3 7. dxc3 Nc6
8. O-O e6 9. Rd1 Qc8 10. Ne5 Nxe5 11. Qxe5 c6 12. Bf4 f6 13. Qc7 Qxc7 14. Bxc7
Be7 15. Bd6 e5 16. Kf1 Bxd6 17. Rxd6 Ke7 18. Rad1 Rad8 19. R6d3 c5 20. c4 Rd4
21. Rxd4 cxd4 22. Rd3 Rc8 23. b3 Rc5 24. a4 a5 25. c3 dxc3 26. Rxc3 Rc7 27. Re3
Rd7 28. Ke2 Rd4 29. f3 Kd6 30. Rd3 Kc5 31. Ke3 Rxd3+ 32. Kxd3 f5 33. Kc3 g5 34.
g4 f4 35. Kd3 Kb4 {White resigns} 0-1

[Event "Team 45 45 League T45"]
[Site "Internet Chess Club"]
[Date "2010.05.30"]
[Round "4"]
[White "SCUGrad"]
[Black "BishopMike"]
[Result "0-1"]
[WhiteElo "1462"]
[BlackElo "1464"]
[Opening "Sicilian: closed"]
[ECO "B23"]
[Time "20:01:48"]
[TimeControl "2700+45"]

1. e4 c5 2. Nc3 d6 3. g3 g6 4. Bg2 Bg7 5. d3 Nf6 6. h3 Nc6 7. Be3 Qb6 8. Na4
Qb4+ 9. c3 Qa5 10. Bd2 Qc7 11. b4 cxb4 12. cxb4 b5 13. Nc3 a6 14. Nge2 Nxb4 15.
Rc1 Nxd3+ 16. Kf1 Nxc1 17. e5 Bb7 18. Bxb7 Qxb7 19. Kg1 Nxe2+ 20. Qxe2 dxe5 21.
Qxe5 O-O {White resigns} 0-1

[Event "Team 45 45 League T45"]
[Site "Internet Chess Club"]
[Date "2010.05.29"]
[Round "4"]
[White "TheronUAL"]
[Black "Visin"]
[Result "0-1"]
[WhiteElo "1445"]
[BlackElo "1345"]
[Opening "Petrov three knights game"]
[ECO "C26"]
[Time "15:00:38"]
[TimeControl "2700+45"]

1. e4 e5 2. Nc3 Nf6 3. Nf3 d6 4. d4 exd4 5. Nxd4 c5 6. Bb5+ Bd7 7. Bxd7+ Qxd7 8.
Nf3 Be7 9. O-O O-O 10. e5 dxe5 11. Nxe5 Qc7 12. Nf3 Nc6 13. a3 Rad8 14. Qe2 Rfe8
15. Qc4 Ne5 16. Nxe5 Qxe5 17. Bf4 Qd4 18. Qxd4 Rxd4 19. Be5 Rd7 20. Rfe1 Red8
21. Rad1 h6 22. Rxd7 Rxd7 23. Rd1 Rxd1+ 24. Nxd1 Nd5 25. Ne3 Nxe3 26. fxe3 f6
27. Bb8 a6 28. Bc7 c4 29. c3 Kf7 30. Bb6 Ke6 31. Bd4 Kd5 32. Kf2 g6 33. Kf3 f5
34. g3 Bd6 35. h3 Be5 36. Ba7 h5 37. h4 b5 38. Bd4 Ke6 39. Bc5 Kf6 40. Bd4 Ke6
41. Bb6 Kd5 42. Bd4 Bc7 43. Bf6 a5 44. Bd4 Bd6 45. Bb6 b4 46. Bxa5 bxa3 47. bxa3
Bxa3 48. Bb4 Bxb4 49. cxb4 c3 50. Ke2 Kc4 51. b5 Kxb5 52. Kd3 Kb4 53. Kc2 Kc4
54. Kc1 Kd3 55. Kd1 Kxe3 56. Kc2 Kf3 57. Kxc3 Kxg3 58. Kd4 Kf3 59. Ke5 f4 60.
Kf6 Kg3 61. Kxg6 Kxh4 62. Kf5 Kg3 63. Ke4 f3 64. Ke3 Kg2 65. Kf4 f2 66. Kg5 f1=Q
67. Kxh5 Qf8 68. Kh4 Qg8 69. Kh5 Kf3 70. Kh6 Kf4 71. Kh5 Qg5# {White checkmated}
0-1

[Event "Team 45 45 League T45"]
[Site "Internet Chess Club"]
[Date "2010.05.29"]
[Round "4"]
[White "katabatico"]
[Black "AtomicDog"]
[Result "0-1"]
[WhiteElo "1349"]
[BlackElo "1616"]
[Opening "Caro-Kann: Panov-Botvinnik attack"]
[ECO "B13"]
[Time "13:00:18"]
[TimeControl "2700+45"]

1. e4 c6 2. d4 d5 3. exd5 cxd5 4. c4 Nf6 5. Nc3 Nc6 6. Nf3 Bg4 7. cxd5 Nxd5 8.
Qb3 Bxf3 9. gxf3 e6 10. Bb5 Rb8 11. Qa4 Qb6 12. Bf4 Nxf4 13. d5 Nxd5 14. Nxd5
exd5 15. O-O-O Qc5+ 16. Kb1 a6 17. Rc1 Qxb5 18. Rhe1+ {White resigns} 0-1

[Event "Team 45 45 League T45"]
[Site "Internet Chess Club"]
[Date "2010.05.30"]
[Round "4"]
[White "ElmerHo"]
[Black "alaskauk"]
[Result "1-0"]
[WhiteElo "1534"]
[BlackElo "1523"]
[Opening "Caro-Kann: advance variation"]
[ECO "B12"]
[Time "16:00:18"]
[TimeControl "2700+45"]

1. e4 c6 2. d4 d5 3. e5 Bf5 4. h4 h6 5. g4 Bh7 6. e6 fxe6 7. Bd3 Qb6 8. Bxh7
Rxh7 9. Qd3 Nf6 10. Qg6+ Kd8 11. Nf3 Nbd7 12. c3 Qc7 13. g5 hxg5 14. Nxg5 Rh6
15. Nxe6+ Kc8 16. Nxc7 Rxg6 17. Nxa8 Kb8 18. Bf4+ Kxa8 19. Nd2 b6 20. O-O-O Nh5
21. Be3 Re6 22. Nf3 Ndf6 23. Ng5 Rd6 24. Rde1 g6 25. Nf7 Re6 26. Bg5 Ne4 27. f3
Nxg5 28. Nxg5 Rf6 29. Re6 Bh6 30. Rxf6 exf6 31. Rg1 fxg5 32. hxg5 Bf8 33. Re1
Kb7 34. Re6 Kc7 35. Rxg6 a5 36. Kd2 Bd6 37. Rg8 Kd7 38. Kd3 Bf4 39. Rh8 Ng3 40.
g6 Nf5 41. Rh7+ Kc8 42. g7 Nxg7 43. Rxg7 Bc1 44. b3 Bf4 45. c4 b5 46. cxd5 cxd5
47. Rf7 Bc7 48. Rf5 Kb7 49. Rxd5 Kb6 50. Ke4 a4 51. bxa4 bxa4 52. f4 Kc6 53.
Rc5+ {Black resigns} 1-0

[Event "Team 45 45 League T45"]
[Site "Internet Chess Club"]
[Date "2010.05.30"]
[Round "4"]
[White "Tjet"]
[Black "g8wrb"]
[Result "1/2-1/2"]
[WhiteElo "1554"]
[BlackElo "1461"]
[Opening "Nimzo-Indian: Sämisch variation"]
[ECO "E24"]
[Time "14:05:51"]
[TimeControl "2700+45"]

1. c4 Nf6 2. d4 e6 3. Nc3 Bb4 4. a3 Bxc3+ 5. bxc3 c5 6. Bg5 d6 7. dxc5 dxc5 8.
Qxd8+ Kxd8 9. Nf3 Nc6 10. e3 Ke7 11. Be2 e5 12. O-O Bf5 13. Bxf6+ gxf6 14. Rfd1
Rhg8 15. g3 Rg7 16. Rd2 h5 17. Nh4 Bg4 18. f3 Bd7 19. e4 Na5 20. Rb1 b6 21. Nf5+
Bxf5 22. exf5 Rd8 {Game drawn by mutual agreement} 1/2-1/2

[Event "Team 45 45 League T45"]
[Site "Internet Chess Club"]
[Date "2010.05.27"]
[Round "4"]
[White "Zohan"]
[Black "otib2006"]
[Result "1-0"]
[WhiteElo "1562"]
[BlackElo "1158"]
[Opening "Sicilian: wing gambit"]
[ECO "B20"]
[Time "11:00:23"]
[TimeControl "2700+45"]

1. e4 c5 2. b4 d6 3. bxc5 dxc5 4. Bb2 Nf6 5. Nc3 e6 6. Nf3 Be7 7. Bc4 O-O 8. O-O
Nc6 9. e5 Nd5 10. Bb5 Nd4 11. Nxd4 cxd4 12. Nxd5 Qxd5 13. Qe2 Bd7 14. Bc4 Qc5
15. Rfb1 b5 16. Bb3 a5 17. c3 a4 18. cxd4 Qb6 19. Bc2 a3 20. Qd3 g6 21. Bc3 b4
22. d5 Bb5 23. Qe3 Bc5 24. d4 Be7 25. Bxb4 Bxb4 26. Rxb4 Qc7 27. Bxg6 fxg6 28.
Rxb5 Qc4 29. Rc5 Qb4 30. dxe6 Qb2 31. Rac1 Qxa2 32. d5 Qb2 33. R5c2 Qb4 34. Rc7
a2 35. Qh6 Rf7 36. exf7+ Kh8 37. f8=Q+ Qxf8 38. Qxh7# {Black checkmated} 1-0

[Event "Team 45 45 League T45"]
[Site "Internet Chess Club"]
[Date "2010.05.29"]
[Round "4"]
[White "cobbler"]
[Black "JimGaming"]
[Result "1-0"]
[WhiteElo "1149"]
[BlackElo "1291"]
[Opening "Réti opening"]
[ECO "A04"]
[Time "14:00:27"]
[TimeControl "2700+45"]

1. Nf3 c5 2. g3 Nc6 3. Bg2 g6 4. O-O Bg7 5. d3 d6 6. Nc3 Nf6 7. Bd2 O-O 8. Qc1
Ng4 9. h3 Nge5 10. Bh6 Nxf3+ 11. Bxf3 Bxh3 12. Bxg7 Kxg7 13. Bg2 Bd7 14. b3 Qc8
15. Ne4 Nd4 16. Qb2 Rb8 17. e3 f5 18. Nd2 e5 19. exd4 exd4 20. Nc4 Qc7 21. Rae1
b5 22. Nd2 Rfe8 23. c3 Rxe1 24. Rxe1 Re8 25. Rxe8 Bxe8 26. cxd4 Qe7 27. dxc5+
Kg8 28. Bd5+ Bf7 29. Bxf7+ Qxf7 30. c6 Qc7 31. Qc1 Kf7 32. Qc3 a6 33. d4 d5 34.
Qc5 Ke6 35. Nf3 f4 36. gxf4 h5 37. Ne5 g5 38. fxg5 Qd8 39. f4 Qc7 40. Kg2 Qe7
41. Qxe7+ Kxe7 42. c7 {Black resigns} 1-0

[Event "Team 45 45 League T45"]
[Site "Internet Chess Club"]
[Date "2010.06.01"]
[Round "4"]
[White "juniorVishy"]
[Black "tryanything"]
[Result "0-1"]
[WhiteElo "1433"]
[BlackElo "1575"]
[Opening "Budapest defense declined"]
[ECO "A51"]
[Time "19:00:11"]
[TimeControl "2700+45"]

1. d4 Nf6 2. c4 e5 3. d5 Bc5 4. Bg5 Bxf2+ 5. Kxf2 Ng4+ 6. Ke1 Qxg5 7. Qd2 Qe7 8.
h3 Nf6 9. Nc3 d6 10. e4 Nbd7 11. Nf3 Nc5 12. Be2 Ncxe4 13. Nxe4 Nxe4 14. Qe3 Ng3
15. Rg1 Nxe2 16. Qxe2 O-O 17. Kf2 f5 18. Rge1 Qf6 19. Kg1 e4 20. Nh2 Bd7 21. Rf1
Qd4+ 22. Kh1 Rae8 23. Rad1 Qc5 24. a3 a5 25. Rc1 Rc8 26. Rfd1 b5 27. Nf1 bxc4
28. Qxc4 Qxc4 29. Rxc4 Bb5 30. Rc3 f4 31. Nh2 e3 32. Nf3 Be2 33. Re1 Bxf3 34.
gxf3 Rf5 35. Rd3 Rb8 36. b3 Rb5 37. Rc1 Rc5 38. Rxc5 dxc5 39. Kg2 Kf7 40. Kf1
Ke7 41. Ke2 Kd6 42. a4 Rh5 43. Kf1 Rxh3 44. Ke2 Rh2+ 45. Ke1 Rd2 46. Rxd2 exd2+
47. Kxd2 Kxd5 48. Kd3 h5 49. Ke2 Kd4 50. Kf2 Kc3 51. Kg2 Kxb3 52. Kh3 g5 53. Kg2
c4 54. Kf2 c3 55. Ke2 c2 56. Kd2 Kb2 57. Kd3 c1=Q 58. Kd4 Qe3+ 59. Kd5 Qxf3+ 60.
Kc4 h4 61. Kd4 h3 62. Kc4 h2 63. Kc5 h1=Q 64. Kd4 Qe3+ 65. Kc4 Qc6# {White
checkmated} 0-1

[Event "Team 45 45 League T45"]
[Site "Internet Chess Club"]
[Date "2010.05.28"]
[Round "4"]
[White "smsxman"]
[Black "zigzag2002"]
[Result "1-0"]
[WhiteElo "1626"]
[BlackElo "1521"]
[Opening "Sicilian"]
[ECO "B50"]
[Time "19:01:07"]
[TimeControl "2700+45"]

1. e4 c5 2. Nf3 d6 3. Nc3 Nf6 4. Bc4 g6 5. Ng5 e6 6. d4 cxd4 7. Qxd4 Bg7 8. e5
Nc6 9. Qxd6 Qxd6 10. exd6 O-O 11. O-O Rd8 12. Bf4 h6 13. Nf3 g5 14. Bg3 Nh5 15.
Rad1 f5 16. h3 g4 17. Nh4 Bd4 18. Nxf5 {Black disconnected and forfeits} 1-0

[Event "Team 45 45 League T45"]
[Site "Internet Chess Club"]
[Date "2010.05.30"]
[Round "4"]
[White "ryan2chess"]
[Black "ars-felidae"]
[Result "1-0"]
[WhiteElo "1559"]
[BlackElo "1308"]
[Opening "Sicilian: Alapin's variation (2.c3)"]
[ECO "B22"]
[Time "13:30:09"]
[TimeControl "2700+45"]

1. e4 c5 2. c3 Nc6 3. d4 e6 4. Nf3 d5 5. exd5 Qxd5 6. Be3 Nf6 7. Nbd2 cxd4 8.
Bc4 Qd8 9. cxd4 Bd6 10. O-O O-O 11. Re1 e5 12. dxe5 Nxe5 13. Nxe5 Bxe5 14. Qc2
Ng4 15. h3 Nxe3 16. Rxe3 Qg5 17. Nf3 Bh2+ 18. Nxh2 Bf5 19. Qe2 Rad8 20. Re1 Bd7
21. Nf3 Qc5 22. Re5 Qb6 23. Re7 Qc6 24. Ne5 Qc8 25. Nxf7 Bb5 26. Nd6+ Bxc4 27.
Qxc4+ Qxc4 28. Nxc4 h6 29. Rxb7 Rb8 30. Rxa7 Rxb2 31. Nxb2 {Black resigns} 1-0